 Dungeon Crawl Stone Soup version 0.32-a0-909-gc671339a80 (webtiles) character file.

Game seed: 11126151868995971323

77 Biggs the Shooter (level 4, -2/33 HPs)
             Began as a Coglin Hunter on Apr 7, 2024.
             Blown up by Ijyb (17 damage)
             ... with a mindburst bolt
             ... on level 3 of the Dungeon.
             The game lasted 00:02:05 (1583 turns).

Biggs the Shooter (Coglin Hunter)                   Turns: 1583, Time: 00:02:06

Health: -2/33      AC:  4    Str: 12    XL:     4   Next: 33%
Magic:  4/4        EV: 11    Int:  8    God:
Gold:   33         SH:  0    Dex: 19    Spells: 3/3 levels left

rFire   . . .        a - +2 sling {Mizue}
rCold   . . .        d - +0 sling {Malena}
rNeg    . . .        c - +0 leather armour
rPois   .            (no helmet)
rElec   .            f - +0 cloak
rCorr   .            (no gloves)
SInv    .            (no boots)
Will    .....        (amulet unavailable)
Stlth   ++           (ring unavailable)
HPRegen 0.25/turn    (ring unavailable)
MPRegen 0.09/turn    (no gizmo)

%: no passive effects
@: revved
A: off-hand wielding, slow wielding, warmup strikes, no jewellery
a: Invent Gizmo


You were on level 3 of the Dungeon.
You visited 1 branch of the dungeon, and saw 3 of its levels.

You collected 33 gold pieces.

Inventory:

Hand Weapons
 a - a +2 sling (weapon) {Mizue}
 d - a +0 sling (offhand) {Malena}
Armour
 c - a +0 leather armour (worn)
 f - a +0 cloak (worn)
Scrolls
 b - a scroll of butterflies
 g - 2 scrolls of identify {unknown}
 k - 2 scrolls of enchant weapon {unknown}
Potions
 e - 2 potions of heal wounds {unknown}
 h - a potion of might {unknown}
 i - a potion of cancellation {unknown}
 j - a potion of lignification {unknown}


   Skills:
 - Level 2.0 Fighting
 + Level 5.2 Ranged Weapons
 - Level 1.7 Dodging
 - Level 0.7 Stealth


You had 3 spell levels left.
You didn't know any spells.
Your spell library contained the following spells:

 Spells                   Type           Power      Damage    Failure   Level
 Static Discharge         Conj/Air       0%         3-3/arc   63%         2
 Teleport Other           Tloc           0%         N/A       86%         3
 Volatile Blastmotes      Fire/Tloc      0%         2d10      86%         3
 Airstrike                Air            0%         2d(0-16)  99%         4
 Fulminant Prism          Conj/Alch      0%         3d5       99%         4
 Iskenderun's Mystic Bla Conj/Tloc 0%             2d3        (+2d1     99%         4
 Summon Lightning Spire   Summ/Air       0%         N/A       99%         4
 Dispersal                Tloc           0%         N/A       100%        6
 Gell's Gavotte           Tloc           0%         2d(11-16) 100%        6


Dungeon Overview and Level Annotations

Branches:
Dungeon (3/15)

Altars:

Annotations:
D:3 Ijyb


Innate Abilities, Weirdness & Mutations

You can wield a second weapon in your off-hand.
It takes a long time for you to wield or remove held weapons.
Your first few attacks do less damage.
You cannot equip rings or amulets.


Message History

Ijyb is lightly wounded.
You shoot a sling bullet. The sling bullet closely misses Ijyb.
You shoot a sling bullet.
The sling bullet hits Ijyb but does no damage.
Ijyb is lightly wounded.
Ijyb zaps a wand.
Your mind is blasted!
Ouch! That really hurt!
Unknown command.
You are too injured to fight recklessly!
You are too injured to fight recklessly!
Unknown command.
You are too injured to fight recklessly!
Unknown command.
You are too injured to fight recklessly!
Unknown command.
Fire: a) +2 sling {Mizue}
Press: ? - help, Q - select action Shift-Dir - straight line, f/p - Ijyb
Aim: Ijyb, wielding a +0 dagger, wearing a +0 chain mail of poison resistance and carrying a wand of mindburst (lightly wounded, 64% to hit)
You shoot a sling bullet. The sling bullet barely misses Ijyb.
You shoot a sling bullet.
The sling bullet hits Ijyb but does no damage.
Ijyb is lightly wounded.
You aren't carrying any items that you can evoke.
Unknown command.
You don't have any such object.
Fire/throw/use which item? ([*] to toss any item) (? for menu, Esc to quit)
Okay, then.
Fire: a) +2 sling {Mizue}
Press: ? - help, Q - select action Shift-Dir - straight line, f/p - Ijyb
Aim: Ijyb, wielding a +0 dagger, wearing a +0 chain mail of poison resistance and carrying a wand of mindburst (lightly wounded, 64% to hit)
You shoot a sling bullet.
The sling bullet hits Ijyb but does no damage.
Ijyb is lightly wounded.
You shoot a sling bullet.
The sling bullet hits Ijyb but does no damage.
Ijyb is lightly wounded.
Ijyb zaps a wand.
Your mind is blasted!
Ouch! That really hurt!
You die...
Ijyb screams, "Time for next experiment!"

#....†....# #.# .
##..#.###.### #.#
..#..##.......#####.#
#....#####.......##.#
#.##...#
###.###.##.### ..
###.## #..##......# .
#<.# ##...#.....#
##.# ###.(.....# #.#
##@.....# #..
##g##### #### #)# #l#
#.# .# .. ..


You could see Ijyb and a frilled lizard.

Vanquished Creatures
  An adder (D:2)
  2 dart slugs (D:1)
  3 ribbon worms
  An orc (D:3)
  3 ball pythons (D:2)
  8 bats
  3 endoplasms
  4 giant cockroaches
  3 goblins
  4 hobgoblins
  6 jackals
  2 quokkas (D:1)
  4 frilled lizards
  3 kobolds (D:1)
  4 rats
51 creatures vanquished.

Notes
Turn   | Place    | Note
-------+----------+-------------------------------------------
     0 | D:1      | Biggs the Coglin Hunter began the quest for the Orb.
     0 | D:1      | Reached XP level 1. HP: 16/16 MP: 1/1
   163 | D:1      | Reached skill level 4 in Ranged Weapons
   163 | D:1      | Reached XP level 2. HP: 22/22 MP: 2/2
   552 | D:1      | Reached XP level 3. HP: 27/27 MP: 3/3
  1146 | D:2      | Reached skill level 5 in Ranged Weapons
  1146 | D:2      | Reached XP level 4. HP: 31/33 MP: 4/4
  1576 | D:3      | Noticed Ijyb
  1583 | D:3      | Blown up by Ijyb

Illustrated notes

Levels and vault maps discovered:
D:1:      spicycebolla_green_bress_n_ham, layout_loops_corners
D:2:      layout_basic
D:3:      layout_rooms, uniq_ijyb

Skill      XL: |  1  2  3 |
---------------+----------+-----
Ranged Weapons | 4 5 |  5.2
Fighting       | |  2.0
Dodging        | |  1.7
Stealth        | |  0.7

Action                     |  1- 3 |  4- 6 || total
---------------------------+-------+-------++-------
   Fire: Sling             |   166 |    56 ||   222
 Armour: Leather armour    |    11 |       ||    11
  Dodge: Dodged            |    17 |       ||    17

Table legend: (Time is in decaauts)
 A = Elapsed time spent in this place.
 B = Non-inter-level travel time spent in this place.
 C = Inter-level travel time spent in this place.
 D = Time resting spent in this place.
 E = Time spent auto-exploring this place.
 F = Levels seen in this place.
 G = Mean time per level.
                   A        B        C        D        E       F      G
               +--------+--------+--------+--------+--------+-----+--------+
         Total |   1606 |   1499 |    107 |      0 |   1276 |   3 |  535.3 |
       Dungeon |   1606 |   1499 |    107 |      0 |   1276 |   3 |  535.3 |
               +--------+--------+--------+--------+--------+-----+--------+

Top non-repeatable levels by time:
     D:1: 954 daAuts
     D:2: 538 daAuts
     D:3: 113 daAuts
